 Dungeon Crawl Stone Soup version 0.31.0-11-ge490571c62 (webtiles) character file.

Game seed: 17245671644816101888

135 Marvel the Cudgeller (level 4, -2/45 HPs)
             Began as a Troll Berserker on Feb 9, 2024.
             Was a Believer of Trog.
             Incinerated by a bombardier beetle (7 damage)
             ... with a burning spray
             ... on level 3 of the Dungeon.
             The game lasted 00:02:08 (1175 turns).

Marvel the Cudgeller (Troll Berserker)              Turns: 1175, Time: 00:02:09

Health: -2/45      AC:  5    Str: 27    XL:     4   Next: 97%
Magic:  3/3        EV: 10    Int:  3    God:    Trog [**....]
Gold:   122        SH:  0    Dex:  9    Spells: 3/3 levels left

rFire   . . .        g - +0 flail
rCold   . . .        (no shield)
rNeg    . . .        b - +0 animal skin
rPois   .            (helmet restricted)
rElec   .            i - +0 cloak
rCorr   .            (gloves unavailable)
SInv    .            (boots unavailable)
Will    .....        (no amulet)
Stlth   +            (no ring)
HPRegen 1.07/turn    (no ring)
MPRegen 0.08/turn

%: no passive effects
@: on fire, glowing
A: large, unfitting armour, claws 3, regeneration 1, shaggy fur 1, tough skin 1
a: Renounce Religion, Berserk, Trog's Hand


You were on level 3 of the Dungeon.
You worshipped Trog.
Trog was pleased with you.
You visited 1 branch of the dungeon, and saw 3 of its levels.

You collected 122 gold pieces.

Inventory:

Hand Weapons
 a - a +0 mace
 g - a +0 flail (weapon)
Armour
 b - a +0 animal skin (worn)
 i - a +0 cloak (worn)
Jewellery
 e - an amulet of the acrobat
 h - a ring of willpower
Scrolls
 c - a scroll of noise {unknown}
 d - a scroll of fear {unknown}
 j - a scroll of identify {unknown}
Potions
 f - 2 potions of curing


   Skills:
 + Level 3.0 Fighting
 + Level 4.0 Maces & Flails
 + Level 3.1 Dodging
 + Level 0.3 Stealth


You had 3 spell levels left.
You didn't know any spells.
Your spell library was empty.

Dungeon Overview and Level Annotations

Branches:
Dungeon (3/15)

Altars:


Innate Abilities, Weirdness & Mutations

You are too large for most types of armour.
You have claws for hands.
Your natural rate of healing is unusually fast.
You are covered in fur. (AC +1)
You have tough skin. (AC +1)


Message History

The bombardier beetle closely misses you.
You hit the bombardier beetle.
The bombardier beetle is severely wounded.
The liquid fire burns you!
The bombardier beetle sprays incendiary fluid at you.
The burning spray hits you.
You are even more covered in liquid fire!
You are too injured to fight recklessly!
You are too injured to fight recklessly!
You are too injured to fight recklessly!
You hit the bombardier beetle.
You kill the bombardier beetle!
Trog accepts your kill. The liquid fire burns you!
The dart slug barely misses you.
Your Maces & Flails skill increases to level 4!
You shake off some of the fire as you move.
The liquid fire burns you! The dart slug bites you.
* * * LOW HITPOINT WARNING * * *
You see here a bombardier beetle corpse.
You hit the dart slug.
The dart slug is heavily wounded.
The liquid fire burns you!
* * * LOW HITPOINT WARNING * * *
The dart slug launches a dart at you. The slug dart hits you.
* * * LOW HITPOINT WARNING * * *
It was a potion of curing.
You feel better. The liquid fire burns you!
* * * LOW HITPOINT WARNING * * *
The dart slug closely misses you.
You barely miss the dart slug.
The dart slug is heavily wounded.
The liquid fire burns you!
* * * LOW HITPOINT WARNING * * *
You hit the dart slug.
The dart slug is severely wounded.
The liquid fire burns you!
You die...

#)... ..... ..#....
#.#.#######.#...#
#........##....## #
#..... .......... #.#
#$..# #.###.#### ##$..
#...# #.# #.# #.
#.....##...####.###.###.
#......@(!............)†
#......w............###.
#.....##########.#### #.
#.#.#. #.# #. # # # #.#
#. #.# #. #.# #. #.# .
#.#


You could see a dart slug.

Vanquished Creatures
  A bombardier beetle (D:3)
  Jessica (D:3)
  2 adders (D:2)
  A dart slug (D:1)
  A ribbon worm (D:1)
  An orc (D:3)
  8 endoplasms
  4 giant cockroaches
  4 goblins (D:1)
  3 hobgoblins
  5 ball pythons
  6 bats
  9 frilled lizards
  7 kobolds
  7 rats
60 creatures vanquished.

Notes
Turn   | Place    | Note
-------+----------+-------------------------------------------
     0 | D:1      | Marvel the Troll Berserker began the quest for the Orb.
     0 | D:1      | Reached XP level 1. HP: 22/22 MP: 0/0
    22 | D:1      | Reached XP level 2. HP: 29/29 MP: 1/1
   112 | D:1      | Reached skill level 3 in Maces & Flails
   374 | D:1      | Reached XP level 3. HP: 19/36 MP: 2/2
   437 | D:2      | Reached ** piety under Trog
   770 | D:2      | Reached XP level 4. HP: 25/44 MP: 3/3
  1138 | D:3      | Noticed Jessica
  1144 | D:3      | Killed Jessica
  1171 | D:3      | Reached skill level 4 in Maces & Flails
  1175 | D:3      | Incinerated by a bombardier beetle

Illustrated notes

Levels and vault maps discovered:
D:1:      minmay_arrival_glassed_features, layout_rooms, serial_park_tiny_pond
D:2:      layout_rooms, grunt_ministairs_12, grunt_decor_resistance,
          minmay_octomino_j4
D:3:      layout_loops_ring, minitemple, uniq_jessica

Skill      XL: |  1  2  3  4 |
---------------+-------------+-----
Maces & Flails | 3 4 |  4.0
Dodging        | 3 |  3.1
Fighting       | 3 |  3.0
Stealth        | |  0.3

Action                     |  1- 3 |  4- 6 || total
---------------------------+-------+-------++-------
  Melee: Mace              |    73 |       ||    73
         Flail             |    60 |    43 ||   103
         Punch             |       |     1 ||     1
    Use: Potion            |       |     1 ||     1
 Armour: Animal skin       |   124 |    14 ||   138
  Dodge: Dodged            |   111 |    27 ||   138
